 Dungeon Crawl Stone Soup version 0.30-a0-374-g95c0257040 (webtiles) character file.

Game seed: 1475088690610407680

1635 MTVSty1e the Spear-Bearer (level 8, -8/75 HPs)
             Began as a Minotaur Fighter on Nov 26, 2022.
             Mangled by an ogre
             ... wielding a +0 giant club
              (23 damage)
             ... on level 6 of the Dungeon.
             The game lasted 00:05:38 (4209 turns).

MTVSty1e the Spear-Bearer (Minotaur Fighter)        Turns: 4209, Time: 00:05:39

Health: -8/75      AC: 14    Str: 23    XL:     8   Next: 66%
Magic:  7/7        EV:  6    Int:  5    God:
Gold:   323        SH:  4    Dex: 10    Spells: 7/7 levels left

rFire   + . .      SeeInvis .    a - +1 trident (protect)
rCold   . . .      Faith    .    c - +0 buckler
rNeg    . . .      Spirit   .    y - +1 plate armour {rF+}
rPois   +          Reflect  .    (helmet restricted)
rElec   .          Harm     .    A - +0 cloak
rCorr   +          Rampage  .    (no gloves)
Will    .....                    o - +0 pair of boots
Stlth   ..........               (no amulet)
HPRegen 0.32/turn                x - ring of resist corrosion
MPRegen 0.10/turn                s - ring of poison resistance

@: no status effects
A: horns 2, retaliatory headbutt
a: no special abilities


You were on level 6 of the Dungeon.
You visited 2 branches of the dungeon, and saw 7 of its levels.

You collected 323 gold pieces.

Inventory:

Hand Weapons
 a - a +1 trident of protection (weapon)
Armour
 b - a +0 scale mail
 c - a +0 buckler (worn)
 o - a +0 pair of boots (worn)
 y - a +1 plate armour of fire resistance (worn)
 A - a +0 cloak (worn)
Jewellery
 l - a ring of protection from cold
 n - a ring of positive energy
 q - a ring of flight
 r - an amulet of magic regeneration
 s - a ring of poison resistance (right hand)
 v - a ring of wizardry
 x - a ring of resist corrosion (left hand)
Wands
 i - a wand of digging (5)
Scrolls
 e - a scroll of enchant armour
 g - 3 scrolls of poison
 j - a scroll of noise
 k - 2 scrolls of enchant weapon
 t - 5 scrolls of teleportation
 z - a scroll of fear
Potions
 d - a potion of might
 h - 3 potions of haste
 m - a potion of lignification
 p - 2 potions of curing
 u - a potion of invisibility {unknown}
 w - a potion of brilliance {unknown}


   Skills:
 + Level 8.4 Fighting
 * Level 11.0 Polearms
 - Level 3.6 Armour
 - Level 3.6 Shields


You had 7 spell levels left.
You didn't know any spells.
Your spell library contained the following spells:

 Spells                   Type           Power      Damage    Failure   Level
 Apportation              Tloc           0%         N/A       100%        1
 Necrotise                Necr           0%         1d4       100%        1
 Summon Small Mammal      Summ           0%         N/A       100%        1
 Sublimation of Blood     Necr           0%         N/A       100%        2
 Animate Dead             Necr           0%         N/A       100%        4
 Petrify                  Tmut/Erth      0%         N/A       100%        4
 Borgnjor's Vile Clutch   Necr/Erth      0%         N/A       100%        5
 Irradiate                Conj/Tmut      0%         3d11      100%        5
 Death Channel            Necr           0%         N/A       100%        6


Dungeon Overview and Level Annotations

Branches:
Dungeon (6/15)             Temple (1/1) D:5

Altars:
Cheibriados
Dithmenos
Elyvilon
Fedhas
Kikubaaqudgha
Makhleb
Qazlal
Sif Muna
Trog
Uskayaw
Vehumet
Wu Jian
Xom
Yredelemnul
Zin
The Shining One

Shops:
D:1 *[   D:4 **

Annotations:
D:4 3 runed translucent doors, NoAnimeNoLife's ghost, novice FoFi
D:6 Edmund


Innate Abilities, Weirdness & Mutations

You have a pair of horns on your head.
You reflexively headbutt those who attack you in melee.


Message History

You closely miss Edmund. You headbutt Edmund, but do no damage.
Edmund is heavily wounded.
An orc comes into view. It is wielding a +0 club.
The orc priest casts a cantrip, but nothing happens.
An orc wizard comes into view. It is wielding a +0 dagger.
Edmund hits you but does no damage.
The orc wizard shouts!
The orc shouts!
You hit Edmund.
Edmund is heavily wounded.
You hear a shout!
The orc priest calls down the wrath of Beogh upon you.
Beogh smites you!
The orc priest invokes the aid of Beogh against you.
Beogh smites you! Edmund hits you with a +2 vorpal flail!
You are too injured to fight recklessly!
You are too injured to fight recklessly!
You are too injured to fight recklessly!
You are too injured to fight recklessly!
The orc priest attacks as you move away!
The orc priest hits you but does no damage.
The orc priest calls down the wrath of Beogh upon you.
You struggle to resist.
The orc priest mumbles some strange prayers to Beogh against you.
Pain shoots through your body!
The orc priest mumbles some strange prayers to Beogh against you.
Beogh smites you!
* * * LOW HITPOINT WARNING * * *
An ogre comes into view. It is wielding a +0 giant club.
The ogre shouts!
You hear a shout!
A gnoll comes into view. It is wielding a +0 spear.
The gnoll shouts!
You hear a shout!
A gnoll comes into view. It is wielding a +0 spear.
A gnoll comes into view.
It is wielding a +0 flail of protection.
The gnoll shouts!
A gnoll comes into view. It is wielding a +0 spear.
Edmund gestures with his flail.
A jelly comes into view.
You see here a +0 trident.
The ogre hits you with a +0 giant club!!
You die...

.........## #. ..g......
. #. .J........##.#<#
.#....#...... ..
...g#...#.....#.##
........###...#..# # #.#
#g.O....#..#.# #.#.#
#.@# #.#.†<.## ..###.#.#
##)# #.......######
........# #.#
###........##. #.## #@#
##..#.##.... #..####.#
#..#.####.#
#5o.@.o.######..#.# #..#
#.####....))##..#.###.##
...# ##)###.##).......##
.....#
#.###..##..###....


You could see Edmund, an ogre, a jelly, an orc priest and 3 gnolls.

Vanquished Creatures
  A black bear (D:5)
  A centaur (D:6)
  A phantom (D:6)
  7 scorpions (D:4)
  2 necrophages
  5 wights (D:6)
  A howler monkey (D:5)
  2 jellies (D:4)
  3 hounds (D:5)
  4 iguanas
  Jessica (D:3)
  2 orc wizards (D:5)
  16 adders
  4 worms (D:3)
  2 dart slugs
  9 orcs
  10 endoplasms
  4 giant cockroaches
  5 goblins
  4 hobgoblins
  3 jackals (D:2)
  4 quokkas
  5 ball pythons
  9 bats
  A frilled lizard (D:2)
  9 kobolds
  6 rats
121 creatures vanquished.

Vanquished Creatures (others)
  12 fungi (D:4)
12 creatures vanquished.

Grand Total: 133 creatures vanquished

Notes
Turn   | Place    | Note
-------+----------+-------------------------------------------
     0 | D:1      | MTVSty1e the Minotaur Fighter began the quest for the Orb.
     0 | D:1      | Reached XP level 1. HP: 19/19 MP: 0/0
    73 | D:1      | Reached skill level 3 in Polearms
    75 | D:1      | Reached XP level 2. HP: 27/27 MP: 1/1
    79 | D:1      | Found Erigy's Armour Emporium.
   134 | D:1      | Found Olaff's General Store.
   784 | D:2      | Reached XP level 3. HP: 32/33 MP: 2/2
   852 | D:2      | Reached skill level 4 in Polearms
  1340 | D:3      | Reached XP level 4. HP: 34/41 MP: 3/3
  1430 | D:3      | Found a basalt altar of Yredelemnul.
  1512 | D:3      | Noticed Jessica
  1518 | D:3      | Killed Jessica
  1519 | D:3      | Reached skill level 5 in Polearms
  1527 | D:3      | Found an ornate altar of the Wu Jian Council.
  1703 | D:3      | Reached XP level 5. HP: 47/47 MP: 4/4
  1706 | D:3      | Found a bloodstained altar of Trog.
  1795 | D:3      | Reached skill level 5 in Fighting
  2102 | D:4      | Found a runed translucent gate.
  2160 | D:4      | Found a runed translucent gate.
  2161 | D:4      | Found a runed translucent gate.
  2174 | D:4      | Reached skill level 6 in Polearms
  2180 | D:4      | Noticed NoAnimeNoLife's ghost (novice FoFi)
  2186 | D:4      | Reached XP level 6. HP: 37/56 MP: 5/5
  2296 | D:4      | Reached skill level 7 in Polearms
  2532 | D:4      | Reached XP level 7. HP: 53/63 MP: 6/6
  2600 | D:4      | Found a stormy altar of Qazlal.
  2650 | D:4      | Found a shimmering altar of Xom.
  2652 | D:4      | Found a shimmering blue altar of Sif Muna.
  2652 | D:4      | Found an ancient bone altar of Kikubaaqudgha.
  2654 | D:4      | Found a white marble altar of Elyvilon.
  2654 | D:4      | Found a glowing silver altar of Zin.
  2654 | D:4      | Found a glowing silver altar of Zin.
  2678 | D:4      | Reached skill level 8 in Polearms
  2993 | D:4      | Found Kavearix's General Store.
  2996 | D:4      | Found Hevussas's Specific Store.
  3097 | D:5      | Entered Level 5 of the Dungeon
  3214 | D:5      | Found a staircase to the Ecumenical Temple.
  3236 | Temple   | Entered the Ecumenical Temple
  3320 | D:5      | Identified the +3 leather armour of Vafamia {Contam rC+
                  | Regen+}
  3368 | D:5      | Found a glowing golden altar of the Shining One.
  3371 | D:5      | Reached skill level 9 in Polearms
  3667 | D:5      | Reached XP level 8. HP: 73/73 MP: 7/7
  3948 | D:6      | Reached skill level 10 in Polearms
  4174 | D:6      | Reached skill level 11 in Polearms
  4191 | D:6      | Noticed Edmund
  4209 | D:6      | Mangled by an ogre

Illustrated notes

Levels and vault maps discovered:
D:1:      lemuel_arrival_muddy, layout_loops_ring, serial_shops, shop,
          nicolae_shop_crystal, grunt_decor_clamped
D:2:      layout_rooms
D:3:      layout_loops_ring, lemuel_round_altar,
          mainiacjoe_overflow_surrounded_room, mainiacjoe_overflow_catwalk,
          dreamdust_wishing_well, minivault_27, uniq_jessica
D:4:      old_forge, layout_cave_pools, doesnt_xom_only_xom,
          mainiacjoe_overflow_alcove_1, ebering_ghost_rock_garden,
          nicolae_specific_store, moated_statue, minivault_4
D:5:      minmay_spotlight, layout_basic, mainiacjoe_overflow_paths,
          temple_pool_b, amcnicky_mini_pool_small
D:6:      layout_rooms, gammafunk_ghost_hive, uniq_edmund
Temple:   chequers_temple_sunken

Skill      XL: |  1  2  3  4  5  6  7  8 |
---------------+-------------------------+-----
Polearms       | 3 4 5 6 7 9 11 | 11.0
Fighting       | 4 5 6 7 8 |  8.4
Armour         | |  3.6
Shields        | |  3.6

Action                   |  1- 3 |  4- 6 |  7- 9 || total
-------------------------+-------+-------+-------++-------
Melee: Trident           |    86 |   112 |   177 ||   375
       Headbutt          |    13 |    18 |    19 ||    50
  Use: Scroll            |     9 |       |     5 ||    14
Armor: Scale mail        |    18 |    38 |    64 ||   120
       Plate armour      |       |       |    12 ||    12
Dodge: Dodged            |    14 |    26 |    58 ||    98
Block: Buckler           |    10 |    17 |    16 ||    43

Table legend: (Time is in decaauts)
 A = Elapsed time spent in this place.
 B = Non-inter-level travel time spent in this place.
 C = Inter-level travel time spent in this place.
 D = Time resting spent in this place.
 E = Time spent auto-exploring this place.
 F = Levels seen in this place.
 G = Mean time per level.
                   A        B        C        D        E       F      G
               +--------+--------+--------+--------+--------+-----+--------+
         Total |   4216 |   4044 |    172 |    317 |   2935 |   7 |  602.3 |
       Dungeon |   4138 |   3988 |    150 |    317 |   2888 |   6 |  689.7 |
        Temple |     78 |     56 |     22 |      0 |     46 |   1 |   78.0 |
               +--------+--------+--------+--------+--------+-----+--------+

Top non-repeatable levels by time:
     D:4: 1022 daAuts
     D:3: 805 daAuts
     D:5: 768 daAuts
     D:1: 742 daAuts
     D:2: 543 daAuts
     D:6: 255 daAuts
  Temple: 78 daAuts
